 Dungeon Crawl Stone Soup version 0.30-a0-222-ge547ba4400 (webtiles) character file.

Game seed: 1395917297757063800

566416 Morbidden the Slayer (level 25, -12/261 HPs)
             Began as a Minotaur Fighter on Oct 7, 2022.
             Was the Champion of Cheibriados.
             Killed from afar by an electric golem (49 damage)
             ... with a bolt of lightning
             ... on level 2 of the Realm of Zot.
             The game lasted 01:55:52 (71276 turns).

Morbidden the Slayer (Minotaur Fighter)            Turns: 71276, Time: 01:55:53

Health: -12/261    AC: 45    Str: 48 (49) XL:     25   Next: 50%
Magic:  30/30      EV: 19    Int:  9 (13) God:    Cheibriados [******]
Gold:   4097       SH: 22    Dex: 25      Spells: 31/40 levels left

rFire   + . .      SeeInvis .    a - +9 broad axe (elec)
rCold   + . .      Faith    .    c - +5 kite shield {reflect}
rNeg    + . .      Spirit   .    y - +10 gold dragon scales
rPois   +          Reflect  +    G - +2 hat
rElec   .          Harm     .    k - +2 ratskin cloak {*Rats rPois rN+ Str-1 Int-1 Dex+1}
rCorr   .          Rampage  .    V - +2 pair of gloves
Will    +++..      Rage     50%  H - +2 pair of boots
Stlth   .......... Rnd*Tele +    B - necklace of Bloodlust {*Rage Will++ Int-3 Slay+6}
HPRegen 0.00/turn                X - +4 ring of slaying
MPRegen 0.22/turn                m - +4 ring of slaying

@: about to teleport, on berserk cooldown, inhibited regen, studying 5 skills,
very slow
A: horns 2, retaliatory headbutt, clumsy 1, deterioration 1, dopey 1, low MP 1,
robust 1, inhibited regeneration, strong 1, teleportitis 1, subdued magic 2
}: 3/15 runes: decaying, silver, gossamer
a: Renounce Religion, Bend Time, Temporal Distortion, Slouch, Step From Time


You were on level 2 of the Realm of Zot.
You worshipped Cheibriados.
Cheibriados was exalted by your worship.
You visited 12 branches of the dungeon, and saw 49 of its levels.
You visited the Abyss 1 time.
You visited 1 bazaar.
You also visited: Trove, Bailey, Gauntlet, Ice Cave and Volcano.

You collected 7594 gold pieces.
You spent 3497 gold pieces at shops.

Inventory:

Hand Weapons
 a - a +9 broad axe of electrocution (weapon)
 b - a +1 trishula of holy wrath
 P - a +9 broad axe of venom
Missiles
 e - 22 javelins
 i - 116 stones (quivered)
 u - 17 boomerangs
 F - 9 silver javelins
 M - 5 curare-tipped darts
 Y - 6 silver boomerangs
Armour
 c - a +5 kite shield of reflection (worn)
 k - the +2 ratskin cloak (worn) {*Rats rPois rN+ Str-1 Int-1 Dex+1}
   (You found it on level 3 of the Crypt)

   When the wearer is hurt, rats may emerge from it to assist them.
   Str:       It affects your strength (-1).
   Int:       It affects your intelligence (-1).
   Dex:       It affects your dexterity (+1).
   rPois:     It protects you from poison.
   rN:        It protects you from negative energy.
 y - +10 gold dragon scales (worn)
 G - a +2 hat (worn)
 H - a +2 pair of boots (worn)
 V - a +2 pair of gloves (worn)
Jewellery
 m - a +4 ring of slaying (right hand)
 t - the ring "Qoabip" {rF+ Dex+6 SInv}
   (You found it on level 3 of the Elven Halls)

   [ring of dexterity]

   Dex:       It affects your dexterity (+6).
   rF:        It protects you from fire.
   SInv:      It lets you see invisible.
 v - a ring of protection from fire
 B - the necklace of Bloodlust (around neck) {*Rage Will++ Int-3 Slay+6}
   (You found it on level 5 of the Vaults)

   [amulet of nothing]

   It extends the wearer's berserk rage when killing foes.
   Int:       It affects your intelligence (-3).
   Slay:      It affects your accuracy & damage with ranged weapons and melee
   (+6).
   *Rage:     It berserks you when you make melee attacks (+50% chance).
   Will:      It greatly increases your willpower.
 I - the amulet of Qud Xagu {Reflect Fragile rF+ rC+ SH+5}
   (You found it on level 1 of the Realm of Zot)

   [amulet of reflection]

   It reflects blocked missile attacks.
   rF:        It protects you from fire.
   rC:        It protects you from cold.
   Fragile:   It will be destroyed if unequipped.
   SH:        It affects your SH (+5).
 L - a ring of poison resistance
 X - a +4 ring of slaying (left hand)
Wands
 g - a wand of digging (62)
 r - a wand of flame (24)
 z - a wand of mindburst (20)
 D - a wand of iceblast (40)
 W - a wand of acid (25)
Scrolls
 h - 21 scrolls of teleportation
 l - 8 scrolls of amnesia
 o - 10 scrolls of immolation
 p - 11 scrolls of poison
 x - 7 scrolls of magic mapping
 E - 2 scrolls of blinking
 J - 2 scrolls of summoning
 Q - a scroll of silence
Potions
 d - 15 potions of might
 f - 16 potions of flight
 j - 3 potions of resistance
 n - 19 potions of curing
 q - 9 potions of magic
 s - 4 potions of heal wounds
 A - 5 potions of invisibility
 O - 12 potions of mutation
 S - a potion of brilliance
 T - 3 potions of cancellation
 U - 3 potions of ambrosia
Miscellaneous
 w - a condenser vane (inert)
 C - a tin of tremorstones (1/2)
 K - a box of beasts
 N - a phantom mirror
 R - the horn of Geryon
 Z - a lightning rod (4/4)


   Skills:
 * Level 22.0 Fighting
 + Level 20.3(23.9) Axes
 + Level 0.4(13.4) Maces & Flails
 * Level 21.3(24.4) Polearms
 * Level 16.3 Throwing
 * Level 18.5 Armour
 * Level 13.7 Dodging
 * Level 9.0 Stealth
 * Level 19.3 Shields
 * Level 8.1 Spellcasting
 * Level 8.8 Conjurations
 * Level 6.4 Translocations
 + Level 8.4 Fire Magic
 * Level 11.2 Invocations
 * Level 13.1 Evocations


You had 31 spell levels left.
You knew the following spells:

 Your Spells              Type           Power      Damage    Failure   Level
a - Fireball              Conj/Fire      6%         3d5       61%         5
b - Iskenderun's Mystic   Conj/Tloc      10%        2d4       38%         4

Your spell library contained the following spells:

 Spells                   Type           Power      Damage    Failure   Level
 Foxfire                  Conj/Fire      48%        2x1d6     1%          1
 Searing Ray              Conj           24%        2d5       2%          2
 Apportation              Tloc           18%        N/A       5%          1
 Momentum Strike          Conj/Tloc      20%        3d8       5%          2
 Blink                    Tloc           18%        N/A       9%          2
 Kiss of Death            Conj/Necr      28%        2d7       14%         1
 Shock                    Conj/Air       28%        1d4       14%         1
 Lesser Beckoning         Tloc           18%        N/A       19%         3
 Static Discharge         Conj/Air       14%        2-3/arc   22%         2
 Flame Wave               Conj/Fire      12%        2d6       26%         4
 Sticky Flame             Conj/Fire      12%        2d4       26%         4
 Kindle Blastsparks       Fire/Tloc/Air  14%        2d11      34%         3
 Dazzling Flash           Conj/Hex       14%        N/A       43%         3
 Hailstorm                Conj/Ice       7%         3d4       43%         3
 Stone Arrow              Conj/Erth      14%        3d7       43%         3
 Inner Flame              Hex/Fire       7%         N/A       45%         3
 Passage of Golubria      Tloc           9%         N/A       56%         4
 Iskenderun's Battlesphe  Conj           12%        2d7       58%         5
 Portal Projectile        Hex/Tloc       10%        N/A       61%         3
 Vhi's Electric Charge    Tloc/Air       10%        N/A       61%         3
 Ignite Poison            Fire/Tmut/Pois 5%         N/A       67%         3
 Freeze                   Ice            8%         1d3       69%         1
 Sandblast                Erth           4%         2d4       69%         1
 Sting                    Tmut/Pois      8%         1d3       69%         1
 Cigotuvi's Dreadful Rot  Necr/Pois/Air  4%         N/A       83%         2
 Ensorcelled Hibernation  Hex/Ice        4%         N/A       83%         2
 Passwall                 Tmut/Erth      1%         N/A       83%         2
 Poisonous Vapours        Pois/Air       4%         N/A       83%         2
 Sublimation of Blood     Necr           2%         N/A       83%         2
 Wereblood                Tmut           2%         N/A       83%         2
 Fulminant Prism          Conj/Hex       3%         3d6       86%         4
 Confusing Touch          Hex            2%         N/A       97%         3
 Frozen Ramparts          Ice            4%         1d1       97%         3
 Ozocubu's Armour         Ice            2%         N/A       97%         3
 Spider Form              Tmut/Pois      2%         N/A       97%         3
 Swiftness                Air            2%         N/A       97%         3
 Tukima's Dance           Hex            2%         N/A       97%         3
 Arcjolt                  Conj/Air       3%         1d13      99%         5
 Irradiate                Conj/Tmut      3%         3d12      99%         5
 Lightning Bolt           Conj/Air       3%         1d15      99%         5
 Starburst                Conj/Fire      6%         6d4       99%         6
 Airstrike                Air            1%         2d(1-17)  100%        4
 Anguish                  Hex/Necr       1%         N/A       100%        4
 Animate Armour           Summ/Erth      4%         N/A       100%        4
 Animate Dead             Necr           2%         N/A       100%        4
 Cause Fear               Hex            1%         N/A       100%        4
 Dispel Undead            Necr           2%         3d7       100%        4
 Olgreb's Toxic Radiance  Pois           2%         N/A       100%        4
 Petrify                  Tmut/Erth      2%         N/A       100%        4
 Summon Ice Beast         Ice/Summ       2%         N/A       100%        4
 Summon Lightning Spire   Summ/Air       2%         N/A       100%        4
 Alistair's Intoxication  Tmut/Pois      1%         N/A       100%        5
 Blade Hands              Tmut           1%         N/A       100%        5
 Borgnjor's Vile Clutch   Necr/Erth      1%         N/A       100%        5
 Freezing Cloud           Conj/Ice/Air   2%         6-21      100%        5
 Lee's Rapid Deconstruct  Erth           1%         3d5*      100%        5
 Metabolic Englaciation   Hex/Ice        1%         N/A       100%        5
 Silence                  Hex/Air        1%         N/A       100%        5
 Summon Forest            Summ/Tloc      2%         N/A       100%        5
 Summon Mana Viper        Hex/Summ       2%         N/A       100%        5
 Yara's Violent Unravell  Hex/Tmut       1%         3d3       100%        5
 Conjure Ball Lightning   Conj/Air       3%         3x3d6     100%        6
 Death Channel            Necr           1%         N/A       100%        6
 Eringya's Noxious Bog    Tmut/Pois      1%         N/A       100%        6
 Iron Shot                Conj/Erth      3%         9d2       100%        6
 Simulacrum               Ice/Necr       1%         N/A       100%        6
 Statue Form              Tmut/Erth      1%         N/A       100%        6
 Summon Cactus Giant      Summ           1%         N/A       100%        6
 Dragon Form              Tmut           1%         N/A       100%        7
 Haunt                    Necr/Summ      1%         N/A       100%        7
 Orb of Destruction       Conj           6%         9d6       100%        7
 Ozocubu's Refrigeration  Ice            1%         4d7       100%        7
 Summon Hydra             Summ           1%         N/A       100%        7
 Ignition                 Fire           5%         3d4       100%        8
 Infestation              Necr           1%         N/A       100%        8
 Lehudib's Crystal Spear  Conj/Erth      3%         10d3      100%        8
 Necromutation            Tmut/Necr      1%         N/A       100%        8
 Dragon's Call            Summ           1%         N/A       100%        9
 Fire Storm               Conj/Fire      6%         8d2       100%        9
 Polar Vortex             Ice            1%         N/A       100%        9


Dungeon Overview and Level Annotations

Branches:
Dungeon (15/15)            Temple (1/1) D:6            Lair (5/5) D:9
  Swamp (4/4) Lair:3       Spider (4/4) Lair:3        Slime (0/5) Lair:5
    Orc (2/2) D:11            Elf (3/3) Orc:2        Vaults (5/5) D:13
  Crypt (3/3) Vaults:3       Tomb (0/3) Crypt:3      Depths (4/4) D:15
   Hell (visited)             Dis (0/7) Hell            Geh (0/7) Hell
    Coc (0/7) Hell            Tar (0/7) Hell            Zot (2/5) Depths:4
 Bailey (visited)           IceCv (visited)         Volcano (visited)
Gauntlet (visited)

Altars:
Ashenzari
Cheibriados
Dithmenos
Elyvilon
Fedhas
Gozag
Hepliaklqana
Kikubaaqudgha
Makhleb
Nemelex Xobeh
Okawaru
Qazlal
Ru
Sif Muna
Trog
Uskayaw
Vehumet
Wu Jian
Xom
Yredelemnul
Zin
The Shining One
Jiyva
Lugonu

Shops:
D:12 (   D:14 =   Orc:2 !(:   Elf:2 *   Elf:3 ?[[   Vaults:2 !   Vaults:3 *
Vaults:5 :

Portals:
Hell: Depths:1 Depths:2 Depths:3 Depths:4
Abyss: Depths:3 Depths:4
Pandemonium: Depths:2
Ziggurat: Depths:4

Annotations:
Elf:2 3 runed translucent doors
Zot:1 8 runed translucent doors


Innate Abilities, Weirdness & Mutations

You have a pair of horns on your head.
You reflexively headbutt those who attack you in melee.
You are clumsy. (Dex -2)
Your body sometimes deteriorates upon taking damage.
You are dopey. (Int -2)
Your magical capacity is low. (-10% MP)
You are robust. (+10% HP)
You do not regenerate when monsters are visible.
Your muscles are strong. (Str +4, Int/Dex -1)
You are occasionally teleported next to monsters.
Your spells are easier to cast, but less powerful.


Message History

Unknown command.
You chop the orb of fire into pieces!!!
The orb of fire is severely damaged.
You hit the electric golem but do no damage.
The electric golem crackles and sizzles.
The electric golem hurls lightning at you.
The bolt of lightning misses you. x2
The bolt of lightning misses the electric golem.
A bolt of lightning appears from out of thin air!
The bolt of lightning hits the orb of fire.
The orb of fire completely resists.
The bolt of lightning hits you!!!
* * * LOW HITPOINT WARNING * * *
A hell rat scurries out from under your cloak.
The electric golem hurls lightning at you.
The bolt of lightning hits you!!
* * * LOW HITPOINT WARNING * * *
The bolt of lightning hits you!
* * * LOW HITPOINT WARNING * * *
A hell rat scurries out from under your cloak.
The bolt of lightning hits the electric golem.
The electric golem completely resists.
Unknown command.
Unknown command.
Unknown command.
Unknown command.
Okay, then.
You feel much better.
The orb of fire glows yellow.
The fireball explodes!
The fireball engulfs you but does no damage.
The fireball engulfs your hell rat!!!
Your hell rat dies!
The fireball engulfs the orb of fire.
The orb of fire completely resists.
The fireball engulfs your hell rat!!!!
Your hell rat dies!
The fireball engulfs the electric golem!!
The electric golem resists.
The electric golem hurls lightning at you.
The bolt of lightning hits you!!!
You die...

#######
#≈§#≈≈##§§
##≈≈§§≈§≈§.
##≈≈≈...§≈§.
##§≈≈......≈.
.###§≈≈.........
......§.........
#≈≈§§§9....y.
##°≈≈@*.pD.≈d
##§○§)..y≈≈q
##≈§≈≈§≈≈≈d
#≈≈#≈≈##≈≈
####### .


You could see an orb of fire (unaware), a Killer Klown, an electric golem, a
purple draconian, a red draconian, a fire dragon, a yellow draconian annihilator
and 2 moths of wrath.

Vanquished Creatures
  A dread lich (Crypt:3)
  2 ancient liches (Crypt:3)
  Mennas (Crypt:2)
  Parghit (Depths:3)
  Sojobo (Vaults:3)
  Josephina (Crypt:1)
  6 Killer Klowns (Zot:1)
  The ghost of Voqoasirir the Planerender, a veteran TeAE of Gozag (Zot:1)
  Geryon (Hell)
  5 caustic shrikes (Depths:4)
  A golden dragon (Depths:3)
  2 doom hounds (Crypt:3)
  A Tzitzimitl (Crypt:2)
  3 bone dragons
  An electric golem (Zot:1)
  Jorgrun (Spider:3)
  An Ice Fiend (IceCv)
  A Hell Sentinel (Zot:1)
  7 tentacled monstrosities
  A walking crystal tome (Depths:4)
  Rupert (Lair:5)
  5 searing wretches
  A shard shrike skeleton (Crypt:1)
  4 titans
  3 liches
  Grunn (Crypt:3)
  A deep elf blademaster (Elf:3)
  4 ancient champions
  2 quicksilver dragons
  2 acid blobs (Zot:1)
  3 death cobs (Zot:1)
  7 sphinxes
  6 tengu reavers
  A thorn hunter (Swamp:4)
  Agnes (Spider:4)
  6 shadow dragons
  4 fenstrider witches (Swamp:4)
  3 storm dragons
  Roxanne (Spider:1)
  A draconian monk (Zot:1)
  A rockslime (Zot:1)
  4 fire giants
  6 frost giants
  2 azure jellies (Zot:1)
  4 iron dragons
  Donald (Crypt:2)
  2 draconian knights
  6 emperor scorpions
  A cacodemon (Hell)
  Aizul (Swamp:1)
  3 draconian scorchers
  A shard shrike simulacrum (Hell)
  Louise (Depths:4)
  4 deep elf sorcerers (Elf:3)
  A draconian shifter (Zot:1)
  3 ghost moths
  16 vault wardens
  2 draconian annihilators
  A curse skull (Crypt:3)
  22 very ugly things
  9 ghouls
  4 deep elf elementalists
  3 broodmothers
  20 ironbound preservers
  An orc warlord (Vaults:2)
  4 reapers
  A draconian stormcaller (Zot:1)
  2 spriggan defenders
  3 ironbound thunderhulks
  6 war gargoyles
  15 stone giants
  2 quicksilver oozes
  2 caustic shrike skeletons
  4 deep elf demonologists (Elf:3)
  9 green draconians
  5 vampire knights
  4 putrid mouths
  2 eleionomae (Swamp:1)
  18 dire elephants
  6 spark wasps
  A wendigo (Hell)
  9 deep elf annihilators
  2 bunyips
  4 black draconians
  5 purple draconians
  2 yellow draconians
  A halazid warlock (Hell)
  4 eidola
  A minotaur (Gauntlet)
  5 white draconians
  5 red draconians
  The ghost of Zanapn the Thaumaturge, a journeyman DEAE of Qazlal (Elf:2)
  A blizzard demon (Hell)
  11 deep elf death magi
  4 entropy weavers
  6 jiangshi
  A shambling mangrove (Swamp:4)
  Fannar (Lair:2)
  8 fire dragons
  8 great orbs of eyes
  10 deep elf high priests
  21 yaktaur captains
  7 ettins
  An ice dragon (shapeshifter) (Vaults:5)
  The ghost of Decritt the Nimble, a journeyman MfGl of Uskayaw (D:10)
  3 caustic shrike simulacra (IceCv)
  31 vault guards
  4 hydras
  4 ice dragons
  2 ghost crabs
  An Orb Guardian zombie (Crypt:2)
  A jorogumo (Spider:3)
  9 ogre magi
  A spriggan skeleton (Crypt:3)
  An anaconda (Lair:5)
  20 two-headed ogres
  4 death knights
  7 radroaches
  7 ironbound frosthearts
  24 dancing weapons
  6 spriggan air magi
  5 centaur warriors
  7 boulder beetles
  A stoker (Hell)
  3 catoblepae
  A deep troll shaman (Depths:2)
  11 alligators
  6 vampire magi
  6 deep troll earth magi
  4 hell hogs
  6 tengu warriors
  A satyr (shapeshifter) (Vaults:5)
  3 thrashing horrors (Abyss:3)
  6 spriggan berserkers
  12 soul eaters
  13 deep elf knights
  18 hell knights
  A shadow wraith (Vaults:5)
  A salamander mystic (Depths:2)
  11 sun demons
  A titan skeleton (Crypt:3)
  4 iron trolls
  38 skeletal warriors
  A spark wasp zombie (D:15)
  2 sun moths
  4 glowing orange brains
  10 pharaoh ants
  A goliath frog (Lair:5)
  A bunyip zombie (Crypt:1)
  A fire crab (shapeshifter) (Vaults:5)
  2 obsidian statues (IceCv)
  10 steelbarb worms
  6 spriggan druids
  56 deep trolls
  A death drake (Swamp:4)
  5 flayed ghosts
  12 bog bodies
  A swamp dragon (Swamp:2)
  An orange crystal statue (Elf:1)
  11 deep elf archers
  11 orb spiders
  2 shadow dragon zombies
  3 spriggan simulacra
  7 necromancers
  5 lindwurms
  39 deep elf pyromancers
  23 deep elf zephyrmancers
  19 ironbound convokers
  5 wizards
  9 phantasmal warriors
  A faun (shapeshifter) (Elf:1)
  24 ugly things
  12 orc knights
  3 will-o-the-wisps
  2 orc sorcerers
  A sphinx skeleton (Crypt:2)
  4 salamanders (Depths:2)
  A jorogumo skeleton (Crypt:1)
  6 cyclopes
  4 manticores
  19 wolf spiders
  A moth of wrath (shapeshifter) (Depths:3)
  7 moths of wrath
  A fire giant skeleton (D:15)
  2 black mambas (Lair:5)
  2 naga zombies
  22 vault sentinels
  22 elephants
  2 molten gargoyles (Gauntlet)
  5 eyes of devastation
  6 smoke demons
  6 rust devils (Hell)
  4 orange demons
  6 gargoyles
  2 naga skeletons (Crypt:3)
  3 torpor snails (Spider:3)
  Psyche (D:8)
  2 unseen horrors
  20 cane toads
  8 centaur skeletons
  3 rime drakes
  A komodo dragon (shapeshifter) (D:14)
  A cane toad (shapeshifter) (Depths:4)
  10 demonic crawlers
  A pale draconian zombie (Crypt:2)
  2 tormentors
  35 yaktaurs
  A tengu conjurer (Depths:2)
  8 komodo dragons
  A hellion (Depths:2)
  A dire elephant skeleton (Crypt:1)
  11 guardian mummies
  3 ice devils
  3 hellwings (Swamp:4)
  8 freezing wraiths
  3 golden dragon simulacra (IceCv)
  A purple draconian skeleton (Crypt:1)
  A polar bear (Lair:5)
  A hydra skeleton (Hell)
  12 meliai
  12 trolls
  7 red devils
  34 tarantellas
  A harpy zombie (Crypt:3)
  11 hornets
  4 harpy skeletons (Crypt:3)
  25 blink frogs
  9 tyrant leeches
  35 slime creatures
  6 dream sheep (Lair:5)
  A tarantella (shapeshifter) (Elf:2)
  An ettin zombie (Hell)
  23 jumping spiders
  6 flying skulls (Crypt:2)
  A stone giant simulacrum (Crypt:1)
  21 culicivoras
  A vampire (D:12)
  7 spriggans
  4 shadows
  3 centaur simulacra
  9 wraiths
  2 air elementals
  4 wyverns
  A black mamba zombie (Crypt:1)
  10 water elementals
  An ettin skeleton (Crypt:3)
  26 yaks
  10 fire elementals
  80 redbacks
  7 basilisks
  3 golden eyes (Zot:1)
  2 steam dragons
  A neqoxec (Swamp:4)
  2 chaos spawn (Swamp:4)
  A human (shapeshifter) (Depths:4)
  10 vampire mosquitoes
  6 wargs
  A minotaur simulacrum (IceCv)
  6 harpy simulacra
  12 swamp worms
  9 hell hounds
  3 acid dragons
  17 water moccasins
  A faun skeleton (Crypt:1)
  2 hydra simulacra (IceCv)
  A floating eye (shapeshifter) (Vaults:3)
  A floating eye (Depths:4)
  3 ice beasts
  A swamp drake (Swamp:3)
  A human skeleton (D:15)
  A demonspawn skeleton (Crypt:1)
  3 ettin simulacra
  33 orc warriors
  An alligator simulacrum (IceCv)
  A black bear (D:5)
  3 wolves (Lair:2)
  A dream sheep zombie (Crypt:2)
  38 ogres
  5 centaurs
  A hog zombie (Crypt:2)
  A phantom (D:5)
  A rime drake zombie (Crypt:2)
  16 bullfrogs
  4 gnoll sergeants
  4 necrophages
  A scorpion (D:6)
  8 kobold brigands
  4 earth elementals
  A deep troll simulacrum (IceCv)
  A warg zombie (Crypt:1)
  8 wights
  A cyclops skeleton (Crypt:2)
  A warg skeleton (Crypt:2)
  10 killer bees (D:7)
  2 electric eels
  4 howler monkeys
  12 orc priests
  2 gnoll boudas
  2 hounds
  3 jellies
  23 orc wizards
  An iguana (D:5)
  A boggart skeleton (D:13)
  4 mummies (Crypt:3)
  Robin (D:3)
  16 gnolls
  A swamp drake zombie (Crypt:1)
  9 adders
  A shadow imp (D:6)
  A white imp (D:7)
  2 ufetubi (D:4)
  A worm (D:3)
  102 orcs
  A bat skeleton (Crypt:2)
  9 endoplasms
  6 giant cockroaches
  22 goblins
  17 hobgoblins
  A quokka (D:2)
  4 ball pythons
  4 bats
  A frilled lizard (D:2)
  22 kobolds
  8 rats
  A rat skeleton (Crypt:2)
  5 butterflies (Zot:1)
  2 creeping infernos (Hell)
  9 fire vortices (Hell)
2149 creatures vanquished.

Vanquished Creatures (collateral kills)
  An Ice Fiend (IceCv)
  A vault warden (Vaults:1)
  A vault guard (Vaults:1)
  An ironbound frostheart (Vaults:1)
  A deep troll (Vaults:1)
  A rust devil (Hell)
6 creatures vanquished.

Vanquished Creatures (others)
  A fire giant (Depths:3)
  A deep elf elementalist (Elf:3)
  A purple draconian (Zot:1)
  A bunyip (Swamp:3)
  A rakshasa (Depths:3)
  A deep elf pyromancer (Elf:2)
  A wizard (Vaults:1)
  3 bloated husks
  2 hornets (Depths:3)
  3 spriggans (Depths:3)
  A water elemental (Elf:2)
  A hobgoblin (D:7)
  A kobold (D:7)
  A bush (Lair:5)
  2 butterflies (Zot:1)
  2 creeping infernos (Hell)
  12 foxfires
  25 fungi
  99 plants
  35 withered plants
194 creatures vanquished.

Grand Total: 2349 creatures vanquished

Notes
Turn   | Place    | Note
-------+----------+-------------------------------------------
     0 | D:1      | Morbidden the Minotaur Fighter began the quest for the Orb.
     0 | D:1      | Reached XP level 1. HP: 19/19 MP: 0/0
   199 | D:1      | Reached XP level 2. HP: 27/27 MP: 1/1
   430 | D:1      | Found a faded altar of an unknown god.
   447 | D:1      | Reached skill level 4 in Fighting
   447 | D:1      | Reached XP level 3. HP: 33/33 MP: 2/2
   946 | D:2      | Reached skill level 1 in Axes
  1103 | D:2      | Reached XP level 4. HP: 40/40 MP: 3/3
  1265 | D:2      | Reached skill level 1 in Dodging
  1514 | D:3      | Found a burning altar of Makhleb.
  1716 | D:3      | Found a large runed translucent door.
  1716 | D:3      | Found a large runed translucent door.
  1731 | D:3      | Reached skill level 1 in Throwing
  1748 | D:3      | Reached XP level 5. HP: 29/46 MP: 4/4
  1811 | D:3      | Found a broken altar of Ashenzari.
  1817 | D:3      | Found a stormy altar of Qazlal.
  2158 | D:3      | Noticed Robin
  2166 | D:3      | Killed Robin
  3169 | D:5      | Entered Level 5 of the Dungeon
  3220 | D:5      | Noticed a black bear
  3225 | D:5      | Killed a black bear
  3226 | D:5      | Reached XP level 6. HP: 45/53 MP: 5/5
  3227 | D:5      | Reached skill level 5 in Polearms
  3293 | D:5      | Noticed a water moccasin
  3299 | D:5      | Killed a water moccasin
  3487 | D:5      | Noticed an ice beast
  3493 | D:5      | Killed an ice beast
  3494 | D:5      | Reached skill level 1 in Evocations
  3494 | D:5      | Reached XP level 7. HP: 60/60 MP: 6/6
  3657 | D:5      | Reached skill level 5 in Armour
  4001 | D:6      | Reached skill level 5 in Fighting
  4200 | D:6      | Found a staircase to the Ecumenical Temple.
  4215 | D:6      | Reached XP level 8. HP: 68/68 MP: 7/7
  4227 | Temple   | Entered the Ecumenical Temple
  4279 | Temple   | Became a worshipper of Cheibriados the Contemplative
  4369 | D:6      | Reached skill level 5 in Shields
  4710 | D:7      | Found a shimmering blue altar of Sif Muna.
  4860 | D:7      | Found a flagged portal.
  4978 | Bailey   | Entered a bailey
  5045 | Bailey   | Reached * piety under Cheibriados
  5283 | Bailey   | Reached skill level 15 in Polearms
  5283 | Bailey   | Reached XP level 9. HP: 75/75 MP: 8/8
  5284 | Bailey   | Noticed an orc knight
  5299 | Bailey   | Killed an orc knight
  5300 | Bailey   | Reached XP level 10. HP: 73/83 MP: 9/9
  5323 | Bailey   | Noticed an orc knight
  5337 | Bailey   | Killed an orc knight
  5338 | Bailey   | Reached skill level 6 in Fighting
  5671 | D:7      | Reached ** piety under Cheibriados
  5968 | D:7      | Acquired a manual of Throwing
  6012 | D:7      | Identified the +6 falchion "Hochaol" {vorpal, Str+5 Dex+3}
  6198 | D:7      | Found an iron altar of Okawaru.
  6290 | D:7      | Found a glowing golden altar of the Shining One.
  6537 | D:7      | Reached *** piety under Cheibriados
  6913 | D:8      | Found a hide-covered altar of Uskayaw.
  6933 | D:8      | Noticed a boulder beetle
  6951 | D:8      | Killed a boulder beetle
  7306 | D:8      | Found a radiant altar of Vehumet.
  7440 | D:8      | Noticed Psyche
  7448 | D:8      | Killed Psyche
  7600 | D:8      | Reached skill level 7 in Fighting
  7624 | D:8      | Reached **** piety under Cheibriados
  7740 | D:9      | Noticed a two-headed ogre
  7749 | D:9      | Killed a two-headed ogre
  7750 | D:9      | Reached XP level 11. HP: 82/92 MP: 10/10
  7801 | D:9      | Noticed a two-headed ogre
  7807 | D:9      | Killed a two-headed ogre
  7851 | D:9      | Reached skill level 5 in Axes
  7944 | D:9      | Identified the +0 leather armour of Ycisyoxt {Str+5 SInv}
  8492 | D:9      | Found a bloodstained altar of Trog.
  8554 | D:9      | Found a staircase to the Lair.
  8571 | D:10     | Entered Level 10 of the Dungeon
  8725 | D:10     | Reached ***** piety under Cheibriados
  8824 | D:10     | Noticed a two-headed ogre
  8838 | D:10     | Reached skill level 5 in Throwing
  8840 | D:10     | Killed a two-headed ogre
  8854 | D:10     | Reached skill level 8 in Fighting
  8854 | D:10     | Reached skill level 5 in Dodging
  8920 | D:10     | Noticed a centaur warrior
  8928 | D:10     | Killed a centaur warrior
  9263 | D:10     | Found a runed translucent door.
  9263 | D:10     | Noticed Decritt's ghost (journeyman MfGl)
  9501 | D:10     | Identified the amulet "Copt" {RegenMP rElec SInv}
  9994 | D:11     | Noticed a two-headed ogre
 10001 | D:11     | Killed a two-headed ogre
 10002 | D:11     | Reached XP level 12. HP: 38/103 MP: 11/11
 10377 | D:11     | Found a staircase to the Orcish Mines.
 10437 | D:11     | Reached skill level 1 in Invocations
 11201 | Lair:1   | Entered Level 1 of the Lair of Beasts
 12212 | Lair:2   | Reached skill level 10 in Armour
 12356 | Lair:2   | Reached skill level 9 in Fighting
 12404 | Lair:2   | Noticed Fannar
 12423 | Lair:2   | Killed Fannar
 12423 | Lair:2   | Reached ****** piety under Cheibriados
 12829 | Lair:2   | Found the macabre finger necklace {rN+}
 13190 | Lair:2   | Learned a level 5 spell: Fireball
 13213 | Lair:3   | Noticed a catoblepas
 13233 | Lair:3   | Killed a catoblepas
 13404 | Lair:3   | Noticed a boulder beetle
 13418 | Lair:3   | Killed a boulder beetle
 13712 | Lair:3   | Found a hole to the Spider Nest.
 13791 | Lair:3   | Reached XP level 13. HP: 108/111 MP: 13/13
 13854 | Lair:3   | Reached skill level 1 in Conjurations
 13960 | Lair:3   | Found a staircase to the Swamp.
 14589 | Lair:4   | Reached skill level 1 in Spellcasting
 14753 | Lair:4   | Found a dark tunnel.
 14758 | Volcano  | Entered a volcano
 14773 | Volcano  | Reached skill level 1 in Fire Magic
 15086 | Volcano  | Reached skill level 10 in Fighting
 16231 | Lair:5   | Entered Level 5 of the Lair of Beasts
 16988 | Lair:5   | Reached XP level 14. HP: 92/122 MP: 16/16
 17175 | Lair:5   | Noticed Rupert
 17635 | Lair:5   | Paralysed by Rupert for 4 turns
 17859 | Lair:5   | Killed Rupert
 17860 | Lair:5   | Reached skill level 11 in Fighting
 18002 | Lair:5   | Found a viscous altar of Jiyva.
 18002 | Lair:5   | Found a staircase to the Slime Pits.
 18842 | D:12     | Found Osmazej's Antique Weapon Emporium.
 20058 | D:13     | Found an ancient bone altar of Kikubaaqudgha.
 20177 | D:13     | Reached skill level 10 in Shields
 20206 | D:13     | Found a portal to a secret trove of treasure.
 21052 | D:13     | Found a gate to the Vaults.
 21513 | D:14     | Found a gate leading to a gauntlet.
 21522 | Gauntlet | Entered a Gauntlet
 21522 | Gauntlet | Found a transporter.
 21531 | Gauntlet | Found a transporter.
 21532 | Gauntlet | Found a transporter.
 21535 | Gauntlet | Found a transporter.
 21536 | Gauntlet | Found a transporter.
 21537 | Gauntlet | Found a transporter.
 21541 | Gauntlet | Found a runed translucent door.
 21541 | Gauntlet | Noticed a quicksilver ooze
 21543 | Gauntlet | Found a runed translucent door.
 21545 | Gauntlet | Found a transporter.
 21546 | Gauntlet | Found a transporter.
 21566 | Gauntlet | Found a transporter.
 21574 | Gauntlet | Found a transporter.
 21574 | Gauntlet | Found a transporter.
 21586 | Gauntlet | Found a transporter.
 21741 | Gauntlet | Reached XP level 15. HP: 115/130 MP: 18/18
 21898 | Gauntlet | Identified the +0 hat of the Feral God {Str-3 Int+3 Stlth+}
 21902 | Gauntlet | Reached skill level 13 in Fighting
 21902 | Gauntlet | Reached XP level 16. HP: 141/144 MP: 17/19
 22035 | Gauntlet | Identified the +6 scale mail of Living Awe {rElec rCorr
                  | Int+2 Stlth-}
 22122 | D:14     | You fall into a shaft and drop 1 floor!
 22122 | D:15     | Entered Level 15 of the Dungeon
 22169 | D:15     | Found a staircase to the Depths.
 22182 | D:15     | Reached skill level 10 in Axes
 22182 | D:15     | Reached skill level 10 in Throwing
 22203 | D:15     | Reached skill level 5 in Invocations
 22211 | D:15     | Found a frozen archway.
 22215 | IceCv    | Entered an ice cave
 22961 | IceCv    | Gained mutation: You are frail. (-10% HP) [a neqoxec]
 22962 | IceCv    | Gained mutation: You occasionally shout uncontrollably at
                  | your foes. [a neqoxec]
 23087 | IceCv    | Reached skill level 5 in Evocations
 23132 | IceCv    | Noticed an Ice Fiend
 23132 | IceCv    | Noticed an Ice Fiend
 23149 | IceCv    | Killed an Ice Fiend
 23151 | IceCv    | Killed an Ice Fiend
 23400 | IceCv    | Lost mutation: You occasionally shout uncontrollably at
                  | your foes. [potion of mutation]
 23400 | IceCv    | Lost mutation: You are frail. (-10% HP) [potion of
                  | mutation]
 23400 | IceCv    | Gained mutation: Your muscles are strong. (Str +4, Int/Dex
                  | -1) [potion of mutation]
 23400 | IceCv    | Gained mutation: You are agile. (Dex +4, Str/Int -1)
                  | [potion of mutation]
 24432 | D:14     | Found Murus's Jewellery Emporium.
 24441 | D:14     | Bought a +4 ring of slaying for 1170 gold pieces
 24984 | Orc:1    | Entered Level 1 of the Orcish Mines
 25159 | Orc:1    | Reached skill level 1 in Stealth
 25465 | Orc:2    | Entered Level 2 of the Orcish Mines
 25711 | Orc:2    | Found Seem's Distillery.
 25711 | Orc:2    | Found Janypioh's Book Boutique.
 25714 | Orc:2    | Found Vuepint's Antique Weapon Boutique.
 25714 | Orc:2    | Found Kidan's Book Emporium.
 25994 | Orc:2    | Found a staircase to the Elven Halls.
 26572 | Swamp:1  | Entered Level 1 of the Swamp
 26581 | Swamp:1  | Reached XP level 17. HP: 143/151 MP: 21/21
 26917 | Swamp:1  | Found a glowing golden altar of the Shining One.
 27097 | Swamp:2  | Noticed Aizul
 27106 | Swamp:1  | Killed Aizul
 29380 | Swamp:3  | Reached skill level 14 in Fighting
 29874 | Swamp:4  | Entered Level 4 of the Swamp
 31179 | Swamp:4  | Gained mutation: You are frail. (-10% HP) [a neqoxec]
 31180 | Swamp:4  | Gained mutation: You sometimes lose your temper in combat.
                  | [a neqoxec]
 31183 | Swamp:4  | Gained mutation: You occasionally shout uncontrollably at
                  | your foes. [a neqoxec]
 31186 | Swamp:4  | Paralysed by a fenstrider witch for 2 turns
 32039 | Swamp:4  | Got a decaying rune of Zot
 32230 | Swamp:4  | Lost mutation: You occasionally shout uncontrollably at
                  | your foes. [potion of mutation]
 32230 | Swamp:4  | Lost mutation: You are agile. (Dex +4, Str/Int -1) [potion
                  | of mutation]
 32230 | Swamp:4  | Lost mutation: You are frail. (-10% HP) [potion of
                  | mutation]
 32230 | Swamp:4  | Gained mutation: You are robust. (+10% HP) [potion of
                  | mutation]
 32431 | Spider:1 | Entered Level 1 of the Spider Nest
 33018 | D:14     | Bought a ring of poison resistance for 300 gold pieces
 33432 | Spider:1 | Acquired a manual of Evocations
 33450 | Spider:1 | Noticed Roxanne
 33452 | Spider:1 | Found a runed translucent door.
 33468 | Spider:1 | Killed Roxanne
 34246 | Spider:1 | Reached skill level 5 in Conjurations
 34336 | Spider:2 | Reached XP level 18. HP: 177/177 MP: 23/23
 34603 | Spider:2 | Reached skill level 5 in Fire Magic
 35766 | Spider:3 | Lost mutation: You sometimes lose your temper in combat.
                  | [mutagenic glow]
 36071 | Spider:3 | Gained mutation: You have hidden genetic defects.
                  | [mutagenic glow]
 36413 | Spider:3 | Noticed Jorgrun
 36421 | Spider:3 | Killed Jorgrun
 37206 | Spider:4 | Entered Level 4 of the Spider Nest
 37546 | Spider:4 | Noticed Agnes
 37552 | Spider:4 | Killed Agnes
 37574 | Spider:4 | Gained mutation: You are clumsy. (Dex -2) [hidden defects]
 37756 | Spider:4 | Reached skill level 15 in Axes
 37832 | Spider:4 | Reached skill level 10 in Dodging
 37873 | Spider:4 | Gained mutation: Your spells are a little easier to cast,
                  | but a little less powerful. [hidden defects]
 37873 | Spider:4 | Lost mutation: You have hidden genetic defects. [hidden
                  | defects expressed]
 37896 | Spider:4 | Reached XP level 19. HP: 31/185 MP: 15/25
 38373 | Spider:4 | Reached skill level 5 in Spellcasting
 38607 | Spider:4 | Got the Secrets of the Lethal Atmosphere
 38952 | Spider:4 | Got a gossamer rune of Zot
 39283 | Elf:1    | Entered Level 1 of the Elven Halls
 39298 | Elf:1    | Learned a level 4 spell: Iskenderun's Mystic Blast
 39380 | Elf:1    | Reached skill level 15 in Fighting
 40099 | Elf:1    | Found a runed translucent gate.
 40099 | Elf:1    | Found a runed translucent gate.
 40099 | Elf:1    | Found a runed translucent gate.
 40099 | Elf:1    | Found a runed translucent gate.
 40099 | Elf:1    | Found a runed translucent gate.
 40223 | Elf:1    | Found a runed translucent gate.
 40645 | Elf:2    | Found a transporter.
 40647 | Elf:2    | Reached skill level 1 in Translocations
 40655 | Elf:2    | Noticed Zanapn's ghost (journeyman DEAE)
 40656 | Elf:2    | Found a transporter.
 40723 | Elf:2    | Reached skill level 15 in Armour
 41208 | Elf:2    | Killed Zanapn's ghost
 41358 | Elf:2    | Found Tuluz's Gadget Gallery.
 41488 | Elf:2    | Found a runed translucent gate.
 41488 | Elf:2    | Found a runed translucent gate.
 41488 | Elf:2    | Found a runed translucent gate.
 41970 | Elf:3    | Entered Level 3 of the Elven Halls
 42052 | Elf:3    | Found Beskiz's Magic Scroll Emporium.
 42054 | Elf:3    | Found Korressu's Antique Armour Shoppe.
 42056 | Elf:3    | Found Illiv's Antique Armour Emporium.
 43185 | Elf:3    | Identified the +9 morningstar "Ciennikh" {vorpal, rPois
                  | Int+5 Dex+4 Stlth-}
 43358 | Elf:3    | Identified the +3 triple sword of Tartarus {vorpal, Str+5}
 43366 | Elf:3    | Reached XP level 20. HP: 142/198 MP: 27/27
 43569 | Elf:3    | Got the Directory of the Rocky Inferno
 43578 | Elf:3    | Got the Catalogue of the Filthy Mortuary
 43581 | Elf:3    | Identified the +1 chain mail "Carehucu" {*Slow +Blink Str+3
                  | Int+7}
 43598 | Elf:3    | Identified the ring "Qoabip" {rF+ Dex+6 SInv}
 43625 | Elf:3    | Got the Cyclopedia of the Coals and the Mausoleum
 43659 | Elf:3    | Identified the +3 robe of the Moon {SInv}
 43731 | Abyss:3  | Cast into level 3 of the Abyss (a deep elf sorcerer)
 43865 | Elf:3    | Escaped the Abyss
 44446 | Vaults:1 | Entered Level 1 of the Vaults
 45010 | Vaults:1 | Identified the +4 short sword "Uraqeutu" {vorpal, *Slow rC+
                  | Int+3}
 45563 | Vaults:1 | Reached skill level 16 in Fighting
 46663 | Vaults:2 | Found Tule's Distillery.
 46673 | Vaults:2 | Bought a potion of might for 56 gold pieces
 46673 | Vaults:2 | Bought a potion of magic for 112 gold pieces
 47804 | Vaults:2 | Reached XP level 21. HP: 189/206 MP: 29/29
 48431 | Vaults:3 | Noticed Sojobo
 48433 | Vaults:3 | Paralysed by an air elemental for 1 turns
 48444 | Vaults:3 | Reached skill level 10 in Evocations
 48444 | Vaults:3 | Killed Sojobo
 48701 | Vaults:3 | Found Coasu's General Store.
 48709 | Vaults:3 | Bought a scroll of blinking for 112 gold pieces
 48774 | Vaults:3 | Identified the +4 arbalest of the Shark {elec, Str+6}
 48799 | Vaults:3 | Reached skill level 15 in Shields
 49038 | Vaults:3 | Identified the +1 dagger of Duulas {flame, Will+ Str-3
                  | Dex+10 SInv}
 50047 | Vaults:3 | Identified the +1 scale mail of the Serpent {Harm}
 50131 | Vaults:3 | Found a staircase to the Crypt.
 50351 | D:13     | You paid a toll of 7 scrolls of blinking to enter a
                  | treasure trove
 50352 | Trove    | Entered a treasure trove
 50394 | Trove    | Got Sif Muna's Directory of Frosty Contamination
 50397 | Trove    | Got Sif Muna's Textbook on Twisted Traumaturgy
 50924 | Vaults:4 | Reached skill level 17 in Fighting
 52288 | Depths:1 | Entered Level 1 of the Depths
 52644 | Depths:1 | Found a gateway to Hell.
 52664 | Depths:1 | Reached XP level 22. HP: 141/221 MP: 31/31
 53869 | Depths:2 | Reached skill level 18 in Fighting
 54251 | Depths:2 | Found a one-way gate leading to the halls of Pandemonium.
 54608 | Depths:3 | Found a corrupted altar of Lugonu.
 54608 | Depths:3 | Found a one-way gate to the infinite horrors of the Abyss.
 54646 | Depths:3 | Found a flickering gateway to a bazaar.
 54652 | Bazaar   | Entered a bazaar
 54810 | Bazaar   | Found Nicoynia's Distillery.
 54824 | Bazaar   | Found Wetuguehay's Book Shop.
 54870 | Bazaar   | Found Yzuypir's Assorted Antiques.
 54870 | Bazaar   | Found Umpe's Armour Boutique.
 54876 | Bazaar   | Bought a scroll of magic mapping for 232 gold pieces
 54876 | Bazaar   | Bought a scroll of teleportation for 93 gold pieces
 54899 | Bazaar   | Bought 2 potions of berserk rage for 110 gold pieces
 54899 | Bazaar   | Bought a potion of curing for 33 gold pieces
 54899 | Bazaar   | Bought a potion of curing for 33 gold pieces
 54899 | Bazaar   | Bought a potion of resistance for 110 gold pieces
 54899 | Bazaar   | Bought 2 potions of might for 88 gold pieces
 54899 | Bazaar   | Bought a potion of invisibility for 88 gold pieces
 54913 | Bazaar   | Bought a manual of Stealth for 960 gold pieces
 55761 | Depths:3 | Noticed a golden dragon
 55775 | Depths:3 | Killed a golden dragon
 56042 | Depths:3 | Noticed Parghit
 56074 | Depths:3 | Killed Parghit
 56461 | Depths:4 | Entered Level 4 of the Depths
 56580 | Depths:4 | Noticed a caustic shrike
 56580 | Depths:4 | Noticed a caustic shrike
 56581 | Depths:4 | Noticed a caustic shrike
 56584 | Depths:4 | Killed a caustic shrike
 56585 | Depths:4 | Noticed a caustic shrike
 56585 | Depths:4 | Noticed a caustic shrike
 56589 | Depths:4 | Killed a caustic shrike
 56590 | Depths:4 | Killed a caustic shrike
 56590 | Depths:4 | Killed a caustic shrike
 56590 | Depths:4 | Killed a caustic shrike
 56734 | Depths:4 | Noticed Louise
 56741 | Depths:4 | Killed Louise
 56854 | Depths:4 | Paralysed by a sphinx for 5 turns
 56966 | Depths:4 | Found a one-way gateway to a ziggurat.
 56975 | Depths:4 | Reached skill level 19 in Fighting
 57042 | Depths:4 | Paralysed by a vampire knight for 5 turns
 57348 | Depths:4 | Found a sacrificial altar of Ru.
 57355 | Depths:4 | Paralysed by a floating eye for 4 turns
 57562 | Depths:4 | Reached XP level 23. HP: 232/234 MP: 32/32
 57584 | Depths:4 | Identified the +0 plate armour "Qoqu" {Drain rN+ Dex+6}
 57680 | Depths:4 | Found a gate to the Realm of Zot.
 58029 | Crypt:1  | Entered Level 1 of the Crypt
 58029 | Crypt:1  | Identified the ring of Kylad {Ice *Corrode rPois MP+9
                  | Int+4}
 58029 | Crypt:1  | Noticed Josephina
 58038 | Crypt:1  | Killed Josephina
 59226 | Crypt:1  | Reached skill level 5 in Stealth
 59742 | Crypt:2  | Noticed Mennas
 59755 | Crypt:2  | Killed Mennas
 59756 | Crypt:2  | Reached skill level 10 in Invocations
 60068 | Crypt:2  | Noticed Donald
 60073 | Crypt:2  | Reached skill level 5 in Translocations
 60078 | Crypt:2  | Killed Donald
 60222 | Crypt:2  | Paralysed by something for 2 turns
 60646 | Crypt:2  | Reached skill level 20 in Fighting
 61050 | Crypt:3  | Entered Level 3 of the Crypt
 61050 | Crypt:3  | Noticed Grunn
 61072 | Crypt:2  | HP: 9/236 [poison (dark miasma)]
 61880 | Crypt:3  | Killed Grunn
 62910 | Crypt:3  | Noticed an ancient lich
 62915 | Crypt:3  | Killed an ancient lich
 63061 | Crypt:3  | Reached skill level 15 in Throwing
 63175 | Crypt:3  | Paralysed by a sphinx for 2 turns
 63354 | Crypt:3  | Found a staircase to the Tomb.
 63383 | Crypt:3  | Found the +2 ratskin cloak {*Rats rPois rN+ Str-1 Int-1
                  | Dex+1}
 63402 | Crypt:3  | Got the Anthology of Frigid Venin
 63528 | Crypt:3  | Identified the ring "Xoohec" {rPois rCorr Str+4}
 64461 | Crypt:3  | Noticed a dread lich
 64462 | Crypt:3  | Found an ancient bone altar of Kikubaaqudgha.
 64478 | Crypt:3  | Killed a dread lich
 64497 | Crypt:3  | Noticed an ancient lich
 64500 | Crypt:3  | Killed an ancient lich
 64501 | Crypt:3  | Reached XP level 24. HP: 228/247 MP: 33/33
 64541 | Crypt:3  | Identified the +6 great mace of a bazaar {freeze, Will++}
 64863 | Vaults:5 | Entered Level 5 of the Vaults
 65171 | Vaults:5 | Found the necklace of Bloodlust {*Rage Will++ Int-3 Slay+6}
 65306 | Vaults:5 | Reached skill level 21 in Fighting
 65720 | Vaults:5 | Found Gobbiv's Book Shoppe.
 66316 | Vaults:5 | Identified the +11 scimitar of Wesiegg {elec, rN+ Int+4}
 66810 | Vaults:5 | Got a silver rune of Zot
 67346 | Vaults:3 | Upgraded the game from 0.30-a0-219-gf2db51d15e to
                  | 0.30-a0-222-ge547ba4400
 67568 | Hell     | Entered the Vestibule of Hell
 67568 | Hell     | Noticed Geryon
 67841 | Hell     | Killed Geryon
 67852 | Hell     | Gained mutation: You have hidden genetic defects. [a
                  | cacodemon]
 68161 | Hell     | Found a gateway to the freezing wastes of Cocytus.
 68421 | Hell     | Found a gateway to the Iron City of Dis.
 68493 | Hell     | Found a gateway to the ashen valley of Gehenna.
 68788 | Hell     | Found a gateway to the decaying netherworld of Tartarus.
 69276 | D:10     | Killed Decritt's ghost
 69526 | Zot:1    | Entered Level 1 of the Realm of Zot
 69565 | Zot:1    | Reached XP level 25. HP: 260/260 MP: 33/33
 69575 | Zot:1    | Gained mutation: Your magical capacity is low. (-10% MP)
                  | [hidden defects]
 69632 | Zot:1    | Found a large runed translucent door.
 69633 | Zot:1    | Found a large runed translucent door.
 69634 | Zot:1    | Found a large runed translucent door.
 69634 | Zot:1    | Found a shimmering altar of Xom.
 69634 | Zot:1    | Found a large runed translucent door.
 69635 | Zot:1    | Found a large runed translucent door.
 69635 | Zot:1    | Found a large runed translucent door.
 69635 | Zot:1    | Identified the +2 ring mail "Kycazeb" {rElec rC+ Int+2
                  | Stlth-}
 69638 | Zot:1    | Identified the +6 scale mail of Resourcefulness {Str+4
                  | Dex+3}
 69642 | Zot:1    | Noticed a Killer Klown
 69645 | Zot:1    | Paralysed by a Zot trap for 3 turns
 69649 | Zot:1    | Killed a Killer Klown
 69659 | Zot:1    | Noticed a Killer Klown
 69659 | Zot:1    | Identified the +7 great sword "Hydrabane" {chaos, +Blink
                  | rC+}
 69665 | Zot:1    | Killed a Killer Klown
 69671 | Zot:1    | Noticed a Killer Klown
 69950 | Zot:1    | Identified the +10 longbow "Beirit" {chaos, Int+2 Dex+8}
 69955 | Zot:1    | Found a large runed translucent door.
 69955 | Zot:1    | Noticed a Killer Klown
 69955 | Zot:1    | Noticed a Killer Klown
 69956 | Zot:1    | Found a large runed translucent door.
 69968 | Zot:1    | Killed a Killer Klown
 69972 | Zot:1    | Killed a Killer Klown
 70081 | Zot:1    | Noticed a Killer Klown
 70098 | Zot:1    | Gained mutation: You are dopey. (Int -2) [mutagenic glow]
 70099 | Zot:1    | Killed a Killer Klown
 70109 | Zot:1    | Gained mutation: You are occasionally teleported next to
                  | monsters. [mutagenic glow]
 70123 | Zot:1    | Killed a Killer Klown
 70124 | Zot:1    | Gained mutation: Your body sometimes deteriorates upon
                  | taking damage. [mutagenic glow]
 70280 | Zot:1    | Gained mutation: You do not regenerate when monsters are
                  | visible. [hidden defects]
 70280 | Zot:1    | Lost mutation: You have hidden genetic defects. [hidden
                  | defects expressed]
 70505 | Zot:1    | Found a runed translucent gate.
 70505 | Zot:1    | Found a runed translucent gate.
 70507 | Zot:1    | Found a runed translucent gate.
 70508 | Zot:1    | Noticed Voqoasirir's ghost (veteran TeAE)
 71114 | Zot:1    | Found a viscous altar of Jiyva.
 71138 | Zot:1    | Killed Voqoasirir's ghost
 71180 | Zot:1    | Got the Tome of Calid Enchantment
 71182 | Zot:1    | Identified the amulet of Qud Xagu {Reflect Fragile rF+ rC+
                  | SH+5}
 71267 | Zot:2    | Reached skill level 22 in Fighting
 71269 | Zot:2    | Noticed an orb of fire
 71272 | Zot:2    | Noticed a Killer Klown
 71273 | Zot:2    | Gained mutation: Your spells are easier to cast, but less
                  | powerful. [an orb of fire]
 71276 | Zot:2    | Killed from afar by an electric golem

Illustrated notes

Levels and vault maps discovered:
D:1:      dpeg_cavernosity, layout_basic, hellmonk_ecumenical_altar_zigzags,
          chequers_serial_rivers_room_a, grunt_decor_arrowhead
D:2:      layout_loops_cross, minivault_4, hangedman_decor_lopped,
          kennysheep_cross_bottleneck
D:3:      layout_loops_ring, mainiacjoe_overflow_cross_hatched,
          jmf_multi_god_temple2, uniq_robin
D:4:      layout_layer_cave
D:5:      layout_loops_ring
D:6:      layout_basic, minmay_temple_entry_offerings
D:7:      layout_loops_corners, okawaru_altar_gauntlet_db,
          kennysheep_orc_sif_temple, nicolae_tso_swordbearing_angel,
          enter_bailey_3, lemuel_flamethrower_2
D:8:      layout_cave_pools, eat_drink_and_be_merry_uskayaw,
          nicolae_vehumet_radiance, grunt_ministairs_5, uniq_psyche
D:9:      layout_roguey, kennysheep_mini_moat, lair_entry_dummy
D:10:     layout_long_grid, hellmonk_ghost_happy_afterlife,
          minmay_fractal_squares_diagonal_5
D:11:     layout_basic, kennysheep_orc_monster_closet_entryway
D:12:     layout_irregular_city, serial_column_ruins, column_ruins_hut,
          column_ruins_hut_ruined, column_ruins_open_large, column_ruins_grid_3,
          column_ruins_grid_1, column_ruins_corridor_corner,
          column_ruins_corridor_straight, serial_shops, shop_coins,
          hangedman_abyss_or_decor_clamps
D:13:     layout_roguey, hangedman_vaults_entry_quadrant_bands, enter_trove_2,
          kiku_gazebo_pond_becter
D:14:     layout_loops_corners, serial_shops, nicolae_lakefront_shop,
          gauntlet_entry_generic, serial_park_tiny_pond
D:15:     gammafunk_depths_entry_grave, layout_rooms,
          portal_ice_cave_entry_pillars_four, chequers_serial_rivers_large_a
Temple:   nicolae_temple_god_jail
Lair:1:   layout_gridlike, st_stairs_5
Lair:2:   layout_cave_pods, uniq_fannar
Lair:3:   layout_regular_city, swamp_mist_pool,
          hellmonk_spider_entry_life_and_decay
Lair:4:   layout_big_grid, enter_volcano_1
Lair:5:   minmay_lair_end_frog_pond, layout_regular_city,
          dpeg_slime_entry_enclosed, lemuel_fruit_tree, uniq_rupert
Swamp:1:  layout_falls_marsh, evilmike_swamp_ruin_house_3,
          lemuel_altar_in_water2, infiniplex_staircase_pool_2
Swamp:2:  layout_basic_swamp, serial_swamp_ruin, evilmike_swamp_ruin_house_4,
          evilmike_swamp_ruin_house_6, evilmike_swamp_ruin_rubble_1,
          infiniplex_staircase_pool, uniq_aizul
Swamp:3:  layout_falls_marsh, nicolae_swamp_little_swirl
Swamp:4:  nzn_swamp_witches_coven, layout_basic_swamp, swamp_pool3
Spider:1: cheibrodos_spider_deadly_dance, uniq_roxanne
Spider:2: layout_spider_delve
Spider:3: nicolae_spider_hall_of_the_moth_king, guppyfry_hornet_nest,
          uniq_jorgrun
Spider:4: guppyfry_spider_rune, uniq_agnes
Orc:1:    layout_caves
Orc:2:    st_orc_ogre_mass, layout_caves, nicolae_orc_stony_grotto
Elf:1:    nicolae_elf_arrival_fired_up, layout_loops_cross, orc_legates,
          minivault_16, st_stairs_8, hangedman_glass_teeth
Elf:2:    elven_hall_of_blades_hangedman_original
          [nicolae_blade_entry_hurt_lockers], layout_geoelf_grid,
          gammafunk_ghost_arena, nicolae_shop_gadgets
Elf:3:    minmay_elf_hall_curves, layout_gridlike, minmay_shop_star
Vaults:1: dpeg_vaults_monster_box, hangedman_vaults_corner, v_misc_22, st_eye,
          vaults_dpeg_hooks, vaults_dpeg_ring, nicolae_vaults_ring_of_whatevers,
          hangedman_vaults_corner_blocks, nicolae_vaults_circle_grid_a,
          nicolae_vaults_big_ls, v_misc_9, ontoclasm_vaults_shuriken,
          v_alt_pattern_1, nicolae_vaults_asterisk, layout_vaults_omnicross
Vaults:2: hangedman_vaults_restitches, vaults_dpeg_encased_lava,
          ontoclasm_vaults_ring_small, vaults_room_corners,
          vaults_mumra_hexcomb, hangedman_vaults_corner_blocks, v_misc_8,
          ontoclasm_vaults_fault, vaults_room_pool, v_alt_pattern_6,
          layout_vaults_quadrants, serial_shops, nicolae_shop_stone
Vaults:3: blue_anna_dwarven_crypt, vaults_room_pools, v_misc_27,
          hangedman_vaults_corner_blocks, v_misc_10, vaults_room_octagon,
          v_alt_pattern_6, nicolae_vaults_yaktaur_gun_rack, st_quartered_hall,
          v_alt_pattern_4, nicolae_vaults_asterisk, v_misc_25,
          hangedman_vaults_snaps, vaults_mumra_hex, layout_vaults_omnibox,
          serial_shops, shop, uniq_sojobo
Vaults:4: vaults_room_door_ring, nicolae_vaults_ring_of_whatevers,
          nicolae_vaults_what_the_h, nicolae_vaults_gold_heap,
          ontoclasm_vaults_chip, grunt_vaults_hallway_short,
          hangedman_vaults_stretched_pinwheel, hangedman_vaults_corner_blocks,
          hangedman_vaults_stretched_pinwheel, vaults_standard_mumra_x,
          layout_vaults_maze_snakey
Vaults:5
Crypt:1:  layout_regular_city, feat_on_display, uniq_josephina
Crypt:2:  layout_basic, lemuel_elevator, grunt_megastairs_4, uniq_mennas,
          uniq_donald
Crypt:3:  quadcrypt_mu, uniq_grunn
Depths:1: layout_cave_pools, minmay_misc_feat_enclosed, hell_entry,
          kennysheep_generic_room_8
Depths:2: minmay_angry_zag, layout_gridlike, hellmouth_1,
          grunt_pan_entry_sceptre, kennysheep_donut
Depths:3: minmay_bloctagon_deflated, layout_gridlike, grunt_decor_clamped,
          nicolae_hell_entry_hellmouth_sunbeams, serial_shops, freezing_bzr,
          abyss_entry_flame_altar, grunt_ministairs_10, minmay_staircase_bubble,
          uniq_parghit
Depths:4: grunt_zot_entry_gee_three, layout_cave_shapes, enter_ziggurat_c,
          nicolae_abyss_entry_one_way_or_another, hell_entry,
          hangedman_ru_absence
Hell
Zot:1:    layout_gridlike, gammafunk_ghost_ooze, hangedman_xom_zot_hilarity
Zot:2:    grunt_zot_stairs_mandelzot, layout_gridlike

Skill      XL: |  1  2  3  4  5  6  7  8  9 10 11 12 13 14 15 16 17 18 19 20 21 22 23 24 25 |
---------------+----------------------------------------------------------------------------+-----
Polearms       | 3 4 5 7 15 16 17 18 19 20 21 | 21.3
Armour         | 4 5 6 7 9 11 12 13 14 15 16 17 18 | 18.5
Fighting       | 4 5 7 8 9 10 11 13 14 15 16 17 19 20 21 22 | 22.0
Axes           | 1 2 3 4 6 7 8 9 12 13 15 16 18 19 20 | 20.3
Dodging        | 1 2 3 4 5 6 7 8 9 10 11 12 13 | 13.7
Throwing       | 1 2 3 4 5 7 8 9 10 11 12 13 14 15 16 | 16.3
Shields        | 4 5 6 7 8 9 10 11 12 13 14 15 16 17 18 19 | 19.3
Evocations     | 1 2 3 4 5 6 7 8 9 10 11 12 13 | 13.1
Invocations    | 2 3 4 5 6 7 8 9 10 11 | 11.2
Conjurations   | 2 3 4 5 6 7 8 |  8.8
Spellcasting   | 2 3 4 5 6 7 8 |  8.1
Fire Magic     | 2 3 4 5 6 7 8 |  8.4
Stealth        | 1 2 4 6 8 9 |  9.0
Translocations | 1 3 4 5 6 |  6.4
Maces & Flails | |  0.4

Action                   |  1- 3 |  4- 6 |  7- 9 | 10-12 | 13-15 | 16-18 | 19-21 | 22-24 | 25-27 || total
-------------------------+-------+-------+-------+-------+-------+-------+-------+-------+-------++-------
Melee: Trident           |    90 |   120 |   112 |   597 |   401 |    11 |       |       |       ||  1331
       Headbutt          |     7 |    13 |    17 |   114 |   144 |   247 |   289 |   324 |    74 ||  1229
       Glaive            |       |       |    29 |       |       |       |       |       |       ||    29
       Unarmed           |       |       |       |     2 |       |       |       |       |       ||     2
       Morningstar       |       |       |       |       |     9 |       |       |       |       ||     9
       Broad axe         |       |       |       |       |   119 |   870 |   928 |   851 |   199 ||  2967
       Trishula          |       |       |       |       |       |       |       |   281 |       ||   281
Throw: Stone             |       |       |    13 |    15 |    20 |   159 |   120 |    87 |     7 ||   421
       Dart              |       |       |       |     6 |     1 |       |       |       |       ||     7
       Boomerang         |       |       |       |     1 |     3 |    10 |       |       |       ||    14
Invok: Slouch            |       |       |       |     1 |     4 |    15 |     9 |     4 |       ||    33
       Step From Time    |       |       |       |       |       |       |     1 |       |       ||     1
Evoke: Wand              |       |       |       |     6 |     1 |       |     4 |     1 |     1 ||    13
       Box of beasts     |       |       |       |       |       |     1 |     3 |     3 |       ||     7
       Tin of tremorston |       |       |       |       |       |     1 |     2 |     4 |     2 ||     9
       Condenser vane    |       |       |       |       |       |       |     5 |     4 |     1 ||    10
  Use: Scroll            |       |       |    19 |     1 |    20 |    14 |     8 |    15 |     2 ||    79
       Potion            |       |       |     1 |     2 |     3 |    17 |     5 |     4 |     1 ||    33
 Stab: Petrified         |       |       |       |       |     3 |       |       |       |       ||     3
       Distracted        |       |       |       |       |       |     3 |       |     2 |       ||     5
       Confused          |       |       |       |       |       |     1 |       |       |       ||     1
       Held in net/web   |       |       |       |       |       |     1 |       |       |       ||     1
Armor: Scale mail        |     5 |       |       |       |       |       |       |       |       ||     5
       Chain mail        |    19 |    34 |    30 |    99 |   131 |   253 |   276 |    81 |       ||   923
       Skin              |       |       |       |       |       |     6 |       |       |       ||     6
       Gold dragon scale |       |       |       |       |       |       |       |   433 |   120 ||   553
Dodge: Dodged            |    18 |    44 |    60 |   209 |   287 |   508 |   403 |   538 |   141 ||  2208
Block: Buckler           |    10 |    10 |    15 |   138 |   157 |       |       |       |       ||   330
       Kite shield       |       |       |       |       |       |   900 |   763 |  1060 |   212 ||  2935
       Reflection        |       |       |       |       |       |    28 |   103 |    40 |     6 ||   177

Table legend: (Time is in decaauts)
 A = Elapsed time spent in this place.
 B = Non-inter-level travel time spent in this place.
 C = Inter-level travel time spent in this place.
 D = Time resting spent in this place.
 E = Time spent auto-exploring this place.
 F = Levels seen in this place.
 G = Mean time per level.
                   A        B        C        D        E       F      G
               +--------+--------+--------+--------+--------+-----+--------+
         Total | 102440 |  91838 |  10602 |  15450 |  62142 |  56 | 1829.3 |
       Dungeon |  23107 |  18736 |   4371 |   2139 |  13716 |  15 | 1540.5 |
        Temple |     92 |     76 |     16 |      0 |     57 |   1 |   92.0 |
          Lair |  10840 |   9469 |   1371 |   1205 |   6909 |   5 | 2168.0 |
         Swamp |   7975 |   7492 |    483 |   2562 |   4084 |   4 | 1993.8 |
   Spider Nest |   8051 |   7719 |    332 |   2124 |   4559 |   4 | 2012.8 |
  Orcish Mines |   2026 |   1791 |    235 |      0 |   1476 |   2 | 1013.0 |
   Elven Halls |   7112 |   6746 |    366 |   1082 |   4360 |   3 | 2370.7 |
        Vaults |  15634 |  13612 |   2022 |   1776 |   9929 |   5 | 3126.8 |
         Crypt |   9583 |   9258 |    325 |   1278 |   6839 |   3 | 3194.3 |
        Depths |   8584 |   7613 |    971 |    797 |   5667 |   4 | 2146.0 |
          Hell |   1724 |   1681 |     43 |    238 |   1017 |   1 | 1724.0 |
           Zot |   2670 |   2610 |     60 |    434 |   1670 |   2 | 1335.0 |
         Abyss |    181 |    181 |      0 |     48 |     92 |   1 |  181.0 |
        Bazaar |    390 |    390 |      0 |      0 |    297 |   1 |  390.0 |
         Trove |    157 |    157 |      0 |      0 |     23 |   1 |  157.0 |
        Bailey |    660 |    660 |      0 |     70 |    394 |   1 |  660.0 |
      Ice Cave |   1659 |   1659 |      0 |    929 |    360 |   1 | 1659.0 |
       Volcano |   1103 |   1103 |      0 |    561 |    339 |   1 | 1103.0 |
      Gauntlet |    884 |    884 |      0 |    205 |    350 |   1 |  884.0 |
               +--------+--------+--------+--------+--------+-----+--------+

Top non-repeatable levels by time:
 Crypt:2: 4496 daAuts
Vaults:3: 3791 daAuts
Vaults:1: 3748 daAuts
Vaults:5: 3647 daAuts
   Elf:3: 3173 daAuts
    D:13: 3136 daAuts
 Crypt:3: 2997 daAuts
    D:11: 2881 daAuts
  Lair:3: 2858 daAuts
 Swamp:4: 2757 daAuts
    D:14: 2611 daAuts
   Zot:1: 2609 daAuts
Depths:3: 2453 daAuts
Spider:4: 2448 daAuts
Spider:1: 2359 daAuts
